 Dungeon Crawl Stone Soup version 0.30-a0-557-ge2afbf3030 (webtiles) character file.

Game seed: 6050671262337827838

574 bmack86 the Chopper (level 7, -5/61 HPs)
             Began as a Minotaur Fighter on Dec 27, 2022.
             Was an Initiate of Okawaru.
             Slain by Pikel
             ... wielding a +2 whip of electrocution
              (10 damage)
             ... on level 4 of the Dungeon.
             The game lasted 00:10:33 (3330 turns).

bmack86 the Chopper (Minotaur Fighter)              Turns: 3330, Time: 00:10:34

Health: -5/61      AC:  0    Str: 23    XL:     7   Next: 12%
Magic:  6/6        EV: 13    Int:  5    God:    Okawaru [......]
Gold:   118        SH:  0    Dex:  9    Spells: 6/6 levels left

rFire   . . .      SeeInvis .    (weapon currently unavailable)
rCold   . . .      Faith    .    (shield currently unavailable)
rNeg    . . .      Spirit   .    (body armour currently unavailable)
rPois   .          Reflect  .    (helmet currently unavailable)
rElec   .          Harm     .    (cloak currently unavailable)
rCorr   .          Rampage  .    (gloves currently unavailable)
Will    .....                    (boots currently unavailable)
Stlth   +                        (no amulet)
HPRegen 0.30/turn                (ring currently unavailable)
MPRegen 0.10/turn                (ring currently unavailable)

@: pig-form, very quick
A: fast, no casting, small, (horns 2), (retaliatory headbutt)
a: Renounce Religion


You were on level 4 of the Dungeon.
You worshipped Okawaru.
Okawaru was noncommittal.
You were a filthy swine.
You visited 2 branches of the dungeon, and saw 5 of its levels.

You collected 163 gold pieces.
You spent 45 gold pieces at shops.

Inventory:

Hand Weapons
 a - a +0 war axe (melded)
Missiles
 f - 3 poisoned darts (quivered)
 r - 3 boomerangs
Armour
 l - a +0 chain mail (melded)
 p - a +0 kite shield (melded)
 s - a +1 pair of gloves (melded)
Wands
 v - a wand of polymorph (11)
Scrolls
 e - a scroll of immolation
 g - a scroll of poison {unknown}
 j - a scroll of brand weapon {unknown}
 k - a scroll of identify
 m - a scroll of fog {unknown}
 n - a scroll of teleportation
 o - a scroll of acquirement {unknown}
 q - a scroll of blinking {unknown}
 u - a scroll of amnesia {unknown}
 w - 2 scrolls of silence {unknown}
 y - a scroll of fear {unknown}
Potions
 b - 2 potions of heal wounds
 c - 3 potions of curing
 d - a potion of might
 h - a potion of mutation
 i - a potion of cancellation
 t - a potion of magic {unknown}
 x - a potion of degeneration {unknown}


   Skills:
 + Level 5.4 Fighting
 * Level 6.2 Axes
 + Level 5.4 Armour
 + Level 5.4 Shields


You had 6 spell levels left.
You didn't know any spells.
Your spell library contained the following spells:

 Spells                   Type           Power      Damage    Failure   Level
 Airstrike                Air            0%         2d(0-16)  99%         4
 Lightning Bolt           Conj/Air       0%         1d11      100%        5
 Summon Lightning Spire   Summ/Air       Unusable   N/A       N/A         4

Dungeon Overview and Level Annotations

Branches:
Dungeon (4/15)             Temple (1/1) D:4

Altars:
Cheibriados
Dithmenos
Fedhas
Gozag
Hepliaklqana
Kikubaaqudgha
Okawaru
Qazlal
Sif Muna
Uskayaw
Wu Jian
Yredelemnul
Zin
The Shining One

Shops:
D:3 [   D:4 !

Annotations:
D:4 Pikel


Innate Abilities, Weirdness & Mutations

You are a filthy swine.
You move quickly.
Your equipment is almost entirely melded.
You are incapable of wielding weapons or throwing items.
You cannot cast spells.
((You have a pair of horns on your head.))
((You reflexively headbutt those who attack you in melee.))


Message History

Pikel is lightly wounded.
You hit the lemure.
Pikel says, "Dispater doesn't talk much, but I know they dig me."
Pikel hits you with a +2 whip of electrocution. x2
The lemure hits you but does no damage. You block the lemure's attack.
You hit Pikel.
Pikel is moderately wounded.
You barely miss the lemure. You closely miss the lemure.
Pikel zaps a wand.
You resist with some effort. The lemure hits you but does no damage.
You block the lemure's attack.
You closely miss Pikel.
Pikel is moderately wounded.
You closely miss the lemure. x2
Pikel says, "You'll make a fine lemure."
You block Pikel's attack. The lemure hits you but does no damage.
You block the lemure's attack.
Pikel zaps a wand.
You turn into a filthy swine.
Your +0 war axe melds into your body.
Your +1 pair of gloves melds into your body.
Your +0 kite shield melds into your body.
Your +0 chain mail melds into your body.
The lemure closely misses you. The lemure hits you.
You closely miss Pikel.
Pikel is moderately wounded.
You hit Pikel but do no damage.
Pikel is moderately wounded.
Pikel misses you. The lemure hits you! The lemure hits you.
You hit Pikel.
Pikel is moderately wounded.
Pikel hits you with a +2 whip of electrocution.
The lemure barely misses you. The lemure hits you!
You closely miss Pikel.
Pikel is moderately wounded.
Pikel hits you with a +2 whip of electrocution!
* * * LOW HITPOINT WARNING * * *
The lemure closely misses you. The lemure hits you!
* * * LOW HITPOINT WARNING * * *
You closely miss Pikel.
Pikel is moderately wounded.
Pikel hits you with a +2 whip of electrocution!
You die...

###+#. #..... #.....
#.... #..... #....
#..... #... #.....
#... #.....
#55####+## #.....
##5K##....## ....##
#.5h#......# ....#.
#...'......# ... #.
#...#......# .. #.
#...#..[...# #.
#...#......#....<.#.
######.....#......##
#....#.....#......#.
#....##'####......#.
#....#............#.


You could see Pikel and 4 lemures.

Vanquished Creatures
  Edmund (D:4)
  A phantom (D:4)
  A scorpion (D:4)
  A hound (D:4)
  An orc priest (D:4)
  Crazy Yiuf (D:2)
  Jessica (D:2)
  An orc wizard (D:4)
  4 gnolls (D:4)
  5 adders
  An ufetubus (D:4)
  2 dart slugs (D:4)
  6 orcs
  8 endoplasms
  9 giant cockroaches
  4 goblins
  6 hobgoblins
  5 jackals
  2 quokkas (D:4)
  8 ball pythons
  6 bats
  A frilled lizard (D:2)
  8 kobolds
  3 rats
86 creatures vanquished.

Vanquished Creatures (others)
  2 fungi (D:1)
  33 plants
35 creatures vanquished.

Grand Total: 121 creatures vanquished

Notes
Turn   | Place    | Note
-------+----------+-------------------------------------------
     0 | D:1      | bmack86 the Minotaur Fighter began the quest for the Orb.
     0 | D:1      | Reached XP level 1. HP: 19/19 MP: 0/0
   101 | D:1      | Reached XP level 2. HP: 27/27 MP: 1/1
   177 | D:1      | Reached skill level 3 in Axes
   489 | D:1      | Reached XP level 3. HP: 33/33 MP: 2/2
   752 | D:1      | Found a faded altar of an unknown god.
   913 | D:2      | Noticed Jessica
   915 | D:2      | Killed Jessica
  1157 | D:2      | Found a runed translucent door.
  1158 | D:2      | Noticed Crazy Yiuf
  1166 | D:2      | Killed Crazy Yiuf
  1167 | D:2      | Reached skill level 4 in Axes
  1167 | D:2      | Reached XP level 4. HP: 14/40 MP: 3/3
  1725 | D:3      | Found Iqalash's Armour Emporium.
  1863 | D:3      | Bought a +0 kite shield for 45 gold pieces
  2015 | D:3      | Reached XP level 5. HP: 46/47 MP: 4/4
  2235 | D:4      | Noticed a phantom
  2252 | D:4      | Killed a phantom
  2366 | D:4      | Reached skill level 5 in Axes
  2369 | D:4      | Reached XP level 6. HP: 37/55 MP: 5/5
  2413 | D:4      | Reached skill level 5 in Fighting
  2419 | D:4      | Found a blossoming altar of Fedhas.
  2458 | D:4      | Found a shimmering blue altar of Sif Muna.
  2493 | D:4      | Reached skill level 5 in Armour
  2493 | D:4      | Reached skill level 5 in Shields
  2680 | D:4      | Found a staircase to the Ecumenical Temple.
  2690 | Temple   | Entered the Ecumenical Temple
  2789 | Temple   | Became a worshipper of Warmaster Okawaru
  3040 | D:4      | Found Maummae's Distillery.
  3066 | D:4      | Noticed Edmund
  3074 | D:4      | Killed Edmund
  3075 | D:4      | Reached skill level 6 in Axes
  3075 | D:4      | Reached XP level 7. HP: 51/61 MP: 6/6
  3318 | D:4      | Noticed Pikel
  3330 | D:4      | Slain by Pikel

Illustrated notes

Levels and vault maps discovered:
D:1:      beargit_arrival_greenhouse, layout_loops_ring,
          shapermc_ecumenical_altar_ellora, minmay_worlds_worst_comb
D:2:      layout_loops_ring, hangedman_abyss_or_decor_stabs,
          serial_bayou_lagoon_a, minmay_misc_feat_four_crosses,
          chequers_arboretum, uniq_jessica, uniq_crazy_yiuf_cottage
D:3:      layout_basic, serial_shops, nicolae_shop_behind_doors
D:4:      layout_gridville, mainiacjoe_overflow_catch_the_wave,
          minmay_temple_entry_arrows, serial_shops, shop, uniq_pikel,
          uniq_edmund
Temple:   regret_index_temple_sphere_string

Skill      XL: |  1  2  3  4  5  6 |
---------------+-------------------+-----
Axes           | 3 4 5 6 |  6.2
Fighting       | 4 5 |  5.4
Armour         | 4 5 |  5.4
Shields        | 4 5 |  5.4

Action                   |  1- 3 |  4- 6 |  7- 9 || total
-------------------------+-------+-------+-------++-------
Melee: War axe           |   102 |   125 |     7 ||   234
       Headbutt          |    17 |    19 |       ||    36
       Unarmed           |       |       |     5 ||     5
Throw: Dart              |     1 |       |       ||     1
  Use: Scroll            |       |     6 |       ||     6
Armor: Scale mail        |    48 |     6 |       ||    54
       Chain mail        |       |    91 |     5 ||    96
Dodge: Dodged            |    43 |    40 |     4 ||    87
Block: Buckler           |    22 |     9 |       ||    31
       Kite shield       |       |    52 |     4 ||    56

Table legend: (Time is in decaauts)
 A = Elapsed time spent in this place.
 B = Non-inter-level travel time spent in this place.
 C = Inter-level travel time spent in this place.
 D = Time resting spent in this place.
 E = Time spent auto-exploring this place.
 F = Levels seen in this place.
 G = Mean time per level.
                   A        B        C        D        E       F      G
               +--------+--------+--------+--------+--------+-----+--------+
         Total |   3440 |   3330 |    110 |    269 |   1949 |   5 |  688.0 |
       Dungeon |   3324 |   3227 |     97 |    269 |   1875 |   4 |  831.0 |
        Temple |    115 |    102 |     13 |      0 |     74 |   1 |  115.0 |
               +--------+--------+--------+--------+--------+-----+--------+

Top non-repeatable levels by time:
     D:4: 1029 daAuts
     D:1: 891 daAuts
     D:2: 856 daAuts
     D:3: 547 daAuts
  Temple: 115 daAuts
